 Dungeon Crawl Stone Soup version 0.23.2-33-g5129a83 (webtiles) character file.

Game seed: 17061513724861835894

52790 Dharzhak the Severer (level 14, -14/129 HPs)
             Began as a Minotaur Fighter on Aug 1, 2019.
             Was an Initiate of Gozag.
             Demolished by a cyan very ugly thing (24 damage)
             ... on level 2 of the Abyss on Aug 2, 2019.
             The game lasted 01:25:21 (24495 turns).

Dharzhak the Severer (Minotaur Fighter)            Turns: 24495, Time: 01:25:23

Health: -14/129    AC: 27    Str: 31    XL:     14   Next: 28%
Magic:  0/16       EV: 12    Int:  5    God:    Gozag
Gold:   2333       SH: 18    Dex: 13    Spells: 13/13 levels left

rFire    + + .     SeeInvis .   a - +5 war axe
rCold    . . .     Gourm    .   K - +0 shield of Untruth {rF+ MR+}
rNeg     . . .     Faith    .   N - +5 plate armour {rF+}
rPois    .         Spirit   +   (helmet unavailable)
rElec    .         Reflect  +   n - scarf {Spirit}
rCorr    +         Harm     .   l - +0 pair of gloves
MR       ++...                  h - +2 pair of boots {run}
Stlth    ..........             A - +4 amulet of reflection
HPRegen  0.00/turn              y - ring of resist corrosion
MPRegen  0.15/turn              C - +3 ring of dexterity

@: mighty, gold aura, non-regenerating, badly diseased, hasted, very quick
A: retaliatory headbutt, horns 3, yellow scales 1, blurry vision 1, evolution 1
a: Potion Petition, Call Merchant, Bribe Branch, Renounce Religion


You were on level 2 of the Abyss.
You worshipped Gozag.
Gozag was most pleased with you.
You were hungry.

You visited 3 branches of the dungeon, and saw 16 of its levels.
You visited the Abyss 2 times.
You also visited: Ossuary, Bailey and Gauntlet.

You collected 5402 gold pieces.
You spent 2340 gold pieces at shops.
You paid 729 gold pieces to Gozag.

Inventory:

Hand Weapons
 a - a +5 war axe (weapon)
 b - a +0 trident of freezing
 d - a +0 broad axe
 M - a +2 morningstar of freezing
 R - the +5 rapier "Rujaceub" {flame, rElec MR- Dex+8, unknown}
   (You found it in a Gauntlet)

   It has been specially enchanted to burn those struck by it, causing extra
   injury to most foes and up to half again as much damage against particularly
   susceptible opponents.
   It affects your dexterity (+8).
   It insulates you from electricity.
   It affects your resistance to hostile enchantments.
Missiles
 B - 33 tomahawks (quivered)
 D - 5 steel tomahawks
 O - 5 tomahawks of returning
 V - 11 javelins of returning
Armour
 h - a +2 pair of boots of running (worn)
 l - a +0 pair of gloves (worn)
 n - a scarf of spirit shield (worn)
 s - the +0 swamp dragon scales of the Hanged Man {rPois MP+9 Str-3 Slay+5 Stlth+}
   (You took it off a gnoll shaman in a bailey)

   It affects your strength (-3).
   It affects your accuracy and damage with ranged weapons and melee attacks
   (+5).
   It protects you from poison.
   It affects your magic capacity (+9).
   It makes you more stealthy.
 G - a +2 pair of boots of stealth
 K - the +0 shield of Untruth (worn) {rF+ MR+}
   (You bought it in a shop on level 5 of the Dungeon)

   It protects you from fire.
   It affects your resistance to hostile enchantments.
 N - a +5 plate armour of fire resistance (worn)
 Q - the +2 cloak of a sewer {*Corrode rPois rN+++ Dex-4}
   (You found it in a Gauntlet)

   It affects your dexterity (-4).
   It protects you from poison.
   It renders you almost immune to negative energy.
   It may corrode you when you take damage.
Jewellery
 c - an uncursed ring of flight
 y - a ring of resist corrosion (left hand)
 A - a +4 amulet of reflection (around neck)
 C - a +3 ring of dexterity (right hand)
 I - an uncursed ring of protection from fire
 J - an uncursed ring of protection from fire
 S - a cursed -2 ring of intelligence
 T - a +3 ring of intelligence
Wands
 g - a wand of clouds (7)
 j - a wand of enslavement (5)
 z - a wand of flame (9)
 F - a wand of paralysis (8)
 X - a wand of acid (7)
Scrolls
 e - 7 scrolls of remove curse
 p - 7 scrolls of teleportation
 r - 3 scrolls of immolation
 u - 3 scrolls of fog
 w - 3 scrolls of fear
 E - a scroll of blinking
 W - a scroll of enchant armour
Potions
 i - 7 potions of brilliance
 k - a potion of haste
 m - 3 potions of cancellation
 o - 4 potions of lignification
 q - 8 potions of curing
 t - 2 potions of flight
 v - 2 potions of mutation
 x - a potion of heal wounds
 L - a potion of agility
 P - 3 potions of berserk rage
 U - a potion of resistance
Comestibles
 f - 20 rations


   Skills:
 * Level 13.3 Fighting
 * Level 16.4 Axes
 + Level 1.1 Throwing
 * Level 12.6 Armour
 * Level 7.6 Dodging
 + Level 1.2 Stealth
 * Level 13.4 Shields
 * Level 4.8 Evocations


You had 13 spell levels left.
You didn't know any spells.
Your spell library contained the following spells:

 Spells                   Type           Power        Failure   Level  Hunger
 Animate Skeleton         Necr           N/A          98%         1    ##.....
 Apportation              Tloc           #.....       98%         1    ##.....
 Confusing Touch          Hex            #.....       98%         1    ##.....
 Corona                   Hex            #......      98%         1    ##.....
 Flame Tongue             Conj/Fire      #....        98%         1    ##.....
 Magic Dart               Conj           #...         98%         1    ##.....
 Summon Butterflies       Summ           #.......     98%         1    ##.....
 Summon Small Mammal      Summ           #...         98%         1    ##.....
 Blink                    Tloc           N/A          99%         2    ###....
 Call Imp                 Summ           #.......     99%         2    ###....
 Ensorcelled Hibernation  Hex/Ice        #.....       99%         2    ###....
 Searing Ray              Conj           #.....       99%         2    ###....
 Slow                     Hex            #.......     99%         2    ###....
 Throw Flame              Conj/Fire      #.....       99%         2    ###....
 Call Canine Familiar     Summ           #.......     100%        3    ####...
 Confuse                  Hex            #.......     100%        3    ####...
 Conjure Flame            Conj/Fire      #.......     100%        3    ####...
 Dazzling Spray           Conj/Hex       #.....       100%        3    ####...
 Inner Flame              Hex/Fire       #.......     100%        3    ####...
 Mephitic Cloud           Conj/Pois/Air  #.......     100%        3    ####...
 Tukima's Dance           Hex            #.......     100%        3    ####...
 Force Lance              Conj/Tloc      #.......     100%        4    #####..
 Fulminant Prism          Conj/Hex       #.........   100%        4    #####..
 Iskenderun's Mystic Bla  Conj           #.......     100%        4    #####..
 Sticky Flame             Conj/Fire      #.......     100%        4    #####..
 Summon Ice Beast         Ice/Summ       #.......     100%        4    #####..
 Fireball                 Conj/Fire      #.........   100%        5    ######.
 Summon Mana Viper        Hex/Summ       #.......     100%        5    ######.
 Summon Hydra             Summ           #.........   100%        7    #######


Dungeon Overview and Level Annotations

Branches:
Dungeon (13/15)            Temple (1/1) D:7            Lair (0/6) D:9
    Orc (2/2) D:12            Elf (0/3) Orc:2
 Vaults: D:13-14

Altars:
Ashenzari
Cheibriados
Dithmenos
Elyvilon
Fedhas
Gozag
Hepliaklqana
Kikubaaqudgha
Makhleb
Nemelex Xobeh
Okawaru
Qazlal
Ru
Sif Muna
Trog
Uskayaw
Vehumet
Wu Jian
Xom
Yredelemnul
Zin
The Shining One
Beogh

Shops:
D:5 [   D:6 =   Orc:2 ![(

Annotations:
D:13 Sonja


Innate Abilities, Weirdness & Mutations

You reflexively headbutt those who attack you in melee.
You have a pair of large horns on your head.
You are partially covered in yellow scales. (AC +2)
Scrolls take you a little longer to read.
You evolve.


Message History

You slice the tentacled starspawn!!
You destroy the tentacled starspawn!
The starspawn's tentacles wither and die.
You feel the corruption within you wane completely.
You feel agile. x2; You feel stable.
You slash the cyan very ugly thing! The cyan very ugly thing kicks you.
The cyan very ugly thing shocks you!!
* * * LOW HITPOINT WARNING * * *
You see here 39 gold pieces.
Unknown command.
The cyan very ugly thing kicks you but does no damage.
You see here 6 gold pieces.
You slice the cyan very ugly thing!!
You headbutt the cyan very ugly thing, but do no damage.
The cyan very ugly thing is severely wounded.
The cyan very ugly thing kicks you!
* * * LOW HITPOINT WARNING * * *
The cyan very ugly thing shocks you!!
You die...
Your body crumbles into a pile of gold.

. . . . #. . #.#[# #
### .# #. . #.#..##
.## . #
#......######...#.#.
##.#..##$#......#.#
. ## .#.......$....#
.# ##
.#....#u@...#... .#
. . #..#....#...# ..
# # #
##%.#...#...#..# .#
#... #..
###..#...#.##.# # .
.# ..#..#..## # . #
.# .. .#.#.. .. # #.
..#. . . .. . ##.##
.. # # ## # #.


You could see a cyan very ugly thing.

Vanquished Creatures
  2 tentacled starspawn
  A stone giant (Orc:1)
  A minotaur (Gauntlet)
  An ettin (Orc:1)
  A quicksilver dragon zombie (Abyss:1)
  A centaur warrior (D:13)
  A two-headed ogre (D:13)
  3 death yaks (Gauntlet)
  6 orc high priests
  Nergalle (D:10)
  A sixfirhy (Abyss:2)
  A shadow wraith (Abyss:1)
  A wretched star (Abyss:2)
  A deep troll (Orc:2)
  An unseen horror (D:11)
  A wizard (Gauntlet)
  Pikel (D:4)
  14 orc knights
  6 orc sorcerers
  A manticore (D:13)
  3 cyclopes
  7 slime creatures
  A worldbinder (Abyss:1)
  2 ugly things
  Joseph (D:8)
  A dire elephant zombie (Abyss:1)
  An apocalypse crab (Abyss:1)
  A torpor snail (Gauntlet)
  An ice devil (Gauntlet)
  2 ancient zymes
  7 trolls
  A hornet (D:12)
  2 hippogriffs
  17 flying skulls (D:13)
  A large abomination (Abyss:1)
  A wraith (D:13)
  10 yaks
  A wyvern (D:9)
  4 hungry ghosts
  A golden eye (Abyss:2)
  3 neqoxecs
  3 wargs
  A small abomination (Abyss:1)
  A water moccasin (D:11)
  2 floating eyes (D:9)
  4 slaves
  37 orc warriors
  An eye of draining (D:9)
  3 ice beasts
  2 sky beasts
  A black bear (D:9)
  9 ogres
  3 phantoms
  6 centaurs
  A crocodile (D:11)
  A big kobold (Temple)
  An elf zombie (Ossuary)
  8 gnoll sergeants (Bailey)
  12 bullfrogs
  A wyvern zombie (D:9)
  Blork the orc (D:4)
  2 elf skeletons (D:7)
  3 scorpions
  13 killer bees
  13 wights
  3 howler monkeys
  5 crimson imps
  A quasit (D:8)
  13 hounds
  6 jellies
  6 gnoll shamans (Bailey)
  2 human skeletons (D:7)
  18 orc priests
  3 human zombies
  3 bullfrog skeletons
  5 iguanas
  Natasha (thrice) (D:4)
  37 orc wizards
  6 worker ants
  2 hound skeletons
  2 hound zombies
  A howler monkey zombie (D:10)
  4 mummies (Ossuary)
  14 gnolls (Bailey)
  15 adders
  4 shadow imps
  6 white imps
  An ufetubus (Abyss:1)
  3 oozes
  4 adder zombies
  2 adder skeletons
  3 worms
  A dart slug (D:1)
  2 leopard geckos
  92 orcs
  4 ball pythons
  16 bats
  3 giant cockroaches
  5 goblins
  11 hobgoblins
  17 jackals
  12 kobolds
  3 quokkas
  4 frilled lizards
  A giant cockroach zombie (D:5)
  A gnoll zombie (Ossuary)
  2 jackal zombies (Ossuary)
  A kobold zombie (Ossuary)
  A leopard gecko skeleton (D:5)
  5 orc skeletons (D:7)
  An orc zombie (D:7)
  A quokka zombie (D:9)
  5 rats
  A rat zombie (Ossuary)
  A starspawn tentacle (Abyss:1)
605 creatures vanquished.

Vanquished Creatures (others)
  A cyclops (D:13)
  An orc warrior (Orc:2)
  An orc (Orc:2)
  5 fungi (Gauntlet)
  6 plants (Gauntlet)
  5 starspawn tentacles
19 creatures vanquished.

Grand Total: 624 creatures vanquished

Notes
Turn   | Place    | Note
-------+----------+-------------------------------------------
     0 | D:1      | Dharzhak the Minotaur Fighter began the quest for the Orb.
     0 | D:1      | Reached XP level 1. HP: 19/19 MP: 0/0
   206 | D:1      | Reached XP level 2. HP: 27/27 MP: 1/1
   796 | D:1      | Reached XP level 3. HP: 33/33 MP: 2/2
  1099 | D:2      | Reached skill level 3 in Axes
  1233 | D:2      | Reached XP level 4. HP: 40/40 MP: 3/3
  1314 | D:2      | Found a faded altar of an unknown god.
  1815 | D:2      | Reached skill level 1 in Dodging
  1986 | D:2      | Noticed a phantom
  2034 | D:2      | Killed a phantom
  2034 | D:2      | Reached skill level 4 in Axes
  2034 | D:2      | Reached XP level 5. HP: 20/46 MP: 4/4
  2689 | D:3      | Found a bloodstained altar of Trog.
  2700 | D:3      | Reached skill level 5 in Shields
  2909 | D:3      | Reached XP level 6. HP: 53/53 MP: 5/5
  3185 | D:3      | Reached skill level 5 in Armour
  3482 | D:4      | Noticed a slave
  3484 | D:4      | Noticed a slave
  3488 | D:4      | Noticed Pikel
  3489 | D:4      | Noticed a slave
  3497 | D:3      | Killed a slave
  3650 | D:3      | Killed a slave
  3656 | D:3      | Killed a slave
  3896 | D:4      | Noticed a slave
  3904 | D:4      | Killed a slave
  3910 | D:4      | Killed Pikel
  3910 | D:4      | Reached skill level 5 in Fighting
  3910 | D:4      | Reached skill level 6 in Axes
  3910 | D:4      | Reached XP level 7. HP: 38/61 MP: 6/6
  4077 | D:4      | Found a bloodstained altar of Trog.
  4225 | D:4      | Noticed Blork the orc
  4235 | D:4      | Killed Blork the orc
  4238 | D:4      | Reached skill level 7 in Axes
  4248 | D:4      | Reached XP level 8. HP: 29/69 MP: 1/7
  4523 | D:4      | Noticed Natasha
  4529 | D:4      | Killed Natasha
  4703 | D:4      | Found a shadowy altar of Dithmenos.
  4826 | D:4      | Noticed Natasha
  4833 | D:4      | Killed Natasha
  5009 | D:4      | Noticed Natasha
  5016 | D:4      | Killed Natasha
  5038 | D:5      | Entered Level 5 of the Dungeon
  5039 | D:5      | Found a radiant altar of Vehumet.
  5242 | D:5      | Reached skill level 8 in Axes
  5458 | D:5      | Found Nezxasae's Antique Armour Emporium.
  5466 | D:5      | Found Ogexoudgh's Magic Scroll Boutique.
  5475 | D:5      | Bought a scroll of identify for 30 gold pieces
  5475 | D:5      | Bought a scroll of fog for 30 gold pieces
  5475 | D:5      | Bought a scroll of identify for 30 gold pieces
  5475 | D:5      | Bought a scroll of magic mapping for 52 gold pieces
  5475 | D:5      | Bought a scroll of identify for 30 gold pieces
  5637 | D:5      | Found Unetri's General Store.
  5682 | D:5      | Found a sacrificial altar of Ru.
  6396 | D:6      | Found Muajel's Jewellery Boutique.
  6485 | D:6      | Reached skill level 9 in Axes
  6609 | D:6      | Reached XP level 9. HP: 46/78 MP: 3/8
  7271 | D:7      | Found a staircase to the Ecumenical Temple.
  7281 | Temple   | Entered the Ecumenical Temple
  7525 | D:7      | Found an ornate altar of the Wu Jian Council.
  7653 | D:7      | Found a deep blue altar of Sif Muna.
  7770 | D:7      | Found a sand-covered staircase.
  7775 | Ossuary  | Entered an ossuary
  7981 | D:7      | Reached skill level 10 in Axes
  8059 | D:7      | You fall through a shaft for 3 floors!
  8059 | D:10     | Entered Level 10 of the Dungeon
  8376 | D:9      | Found a staircase to the Lair.
  8384 | D:9      | Found the +2 hat of the Bear Spirit {Spirit, +Rage rN+
                  | MR++}
  8414 | D:9      | Reached skill level 11 in Axes
  8490 | D:8      | Found a glowing golden altar of the Shining One.
  8545 | D:8      | Noticed a cyclops
  8545 | D:8      | Noticed a two-headed ogre
  8886 | D:5      | Bought a distressingly furry shield for 209 gold pieces
  8886 | D:5      | Identified the +0 shield of Untruth {rF+ MR+} (You bought
                  | it in a shop on level 5 of the Dungeon)
  9426 | D:8      | Reached XP level 10. HP: 88/88 MP: 9/9
  9459 | D:8      | Found a blossoming altar of Fedhas.
  9540 | D:8      | Noticed Joseph
  9552 | D:8      | Killed Joseph
  9700 | D:8      | Killed a cyclops
 10091 | D:9      | Found an opulent altar of Gozag.
 10275 | D:9      | Reached skill level 12 in Axes
 10789 | D:9      | Paralysed by a floating eye for 2 turns
 10974 | D:9      | Became a worshipper of Gozag Ym Sagoz the Greedy
 11166 | D:9      | Noticed a cyclops
 11174 | D:9      | Killed a cyclops
 11174 | D:9      | Reached XP level 11. HP: 50/97 MP: 5/10
 11986 | D:10     | Noticed Nergalle
 12003 | D:10     | Killed Nergalle
 12003 | D:10     | Reached skill level 13 in Axes
 12003 | D:10     | Reached skill level 10 in Armour
 13085 | D:11     | Reached skill level 10 in Fighting
 13229 | D:6      | Bought a +4 amulet of reflection for 378 gold pieces
 13356 | D:11     | Noticed a white ugly thing
 13371 | D:11     | Killed a white ugly thing
 13679 | D:11     | Reached skill level 10 in Shields
 13852 | D:11     | Killed an unseen horror
 14366 | D:12     | Found a flagged portal.
 14379 | Bailey   | Entered a bailey
 14847 | Bailey   | Reached skill level 1 in Stealth
 14996 | Bailey   | Identified the +0 swamp dragon scales of the Hanged Man
                  | {rPois MP+9 Str-3 Slay+5 Stlth+}
 15244 | D:12     | Reached skill level 14 in Axes
 15251 | D:12     | Noticed a purple ugly thing
 15270 | D:12     | Killed a purple ugly thing
 15270 | D:12     | Reached skill level 1 in Evocations
 15348 | D:12     | Found a staircase to the Orcish Mines.
 15775 | D:12     | Reached XP level 12. HP: 65/108 MP: 4/11
 16174 | D:12     | Paralysed by a hornet for 3 turns
 16180 | D:12     | Paralysed by a hornet for 1 turns
 16810 | Orc:1    | Entered Level 1 of the Orcish Mines
 16959 | Orc:2    | Entered Level 2 of the Orcish Mines
 17203 | Orc:2    | Found a staircase to the Elven Halls.
 17225 | Orc:2    | Found Fiefeiss's Food Shoppe.
 17233 | Orc:2    | Noticed an orc high priest
 17245 | Orc:2    | Killed an orc high priest
 17257 | Orc:2    | Noticed an orc high priest
 17571 | Orc:2    | Reached skill level 5 in Dodging
 17577 | Orc:2    | Killed an orc high priest
 18111 | Orc:2    | Reached skill level 15 in Axes
 18429 | Orc:1    | Noticed an ettin
 18430 | Orc:1    | Cast into level 1 of the Abyss (orc)
 18542 | Abyss:1  | Gained mutation: Armour fits poorly on your strangely
                  | shaped body. [a neqoxec]
 18564 | Abyss:1  | Lost mutation: Armour fits poorly on your strangely shaped
                  | body. [potion of mutation]
 18564 | Abyss:1  | Gained mutation: You evolve. [potion of mutation]
 18564 | Abyss:1  | Gained mutation: You are partially covered in yellow
                  | scales. (AC +2) [potion of mutation]
 18613 | Abyss:1  | Gained mutation: Scrolls take you a little longer to read.
                  | [a neqoxec]
 18678 | Abyss:1  | Noticed a starcursed mass
 18713 | Abyss:1  | Found a corrupted altar of Lugonu.
 18726 | Abyss:1  | Noticed a tentacled starspawn
 18732 | Abyss:1  | Killed a tentacled starspawn
 18792 | Abyss:1  | Noticed an ironheart preserver
 18802 | Orc:1    | Escaped the Abyss
 18806 | Orc:1    | Reached XP level 13. HP: 50/117 MP: 7/14
 18812 | Orc:1    | Killed an ettin
 19144 | Orc:1    | HP: 5/117 [orc warrior/+0 glaive[an orc knight] (22)]
 19144 | Orc:1    | HP: 2/117 [troll[an orc knight] (3)]
 19177 | Orc:1    | Noticed a stone giant
 20073 | Orc:1    | Gained mutation: You have a pair of large horns on your
                  | head. [evolution]
 21062 | Orc:1    | Killed a stone giant
 21142 | Orc:1    | You fall through a shaft!
 21275 | Orc:1    | Found a roughly hewn altar of Beogh.
 21648 | Orc:2    | Reached skill level 16 in Axes
 21992 | Orc:2    | Found Qicvepsyno's Antique Armour Boutique.
 21997 | Orc:2    | Found Idamn's Distillery.
 22025 | Orc:2    | Bought a ration for 50 gold pieces
 22025 | Orc:2    | Bought a ration for 50 gold pieces
 22025 | Orc:2    | Bought a ration for 50 gold pieces
 22025 | Orc:2    | Bought a ration for 50 gold pieces
 22025 | Orc:2    | Bought a ration for 50 gold pieces
 22025 | Orc:2    | Bought a ration for 50 gold pieces
 22025 | Orc:2    | Bought a ration for 50 gold pieces
 22025 | Orc:2    | Bought a ration for 50 gold pieces
 22025 | Orc:2    | Bought a ration for 50 gold pieces
 22025 | Orc:2    | Bought a ration for 50 gold pieces
 22025 | Orc:2    | Bought a ration for 50 gold pieces
 22025 | Orc:2    | Bought a ration for 50 gold pieces
 22025 | Orc:2    | Bought a ration for 50 gold pieces
 22025 | Orc:2    | Bought a ration for 50 gold pieces
 22025 | Orc:2    | Bought a ration for 50 gold pieces
 22025 | Orc:2    | Bought a ration for 50 gold pieces
 22028 | Orc:2    | Bought a pair of runed boots for 157 gold pieces
 22033 | Orc:2    | Identified a +0 pair of boots of running (You bought it in
                  | a shop on level 2 of the Orcish Mines)
 22047 | Orc:2    | Found Riniocwi's Antique Weapon Shoppe.
 22053 | Orc:2    | Bought a potion of haste for 130 gold pieces
 22053 | Orc:2    | Bought 2 potions of heal wounds for 130 gold pieces
 22053 | Orc:2    | Bought a potion of might for 52 gold pieces
 22053 | Orc:2    | Bought a potion of agility for 52 gold pieces
 22053 | Orc:2    | Bought a potion of berserk rage for 65 gold pieces
 22053 | Orc:2    | Bought a potion of berserk rage for 65 gold pieces
 22053 | Orc:2    | Bought a potion of haste for 130 gold pieces
 22553 | D:13     | Reached skill level 1 in Throwing
 22649 | D:13     | Found the +3 giant club "Skullcrusher" {speed, Str+7}
 22803 | D:13     | Found a gate leading to a gauntlet.
 22814 | Gauntlet | Entered a Gauntlet
 22814 | Gauntlet | Found a transporter.
 22814 | Gauntlet | Found a transporter.
 22917 | Gauntlet | Found a transporter.
 22917 | Gauntlet | Found a transporter.
 22927 | Gauntlet | Found a transporter.
 22935 | Gauntlet | Found a transporter.
 22937 | Gauntlet | Found a transporter.
 22937 | Gauntlet | Found a transporter.
 22937 | Gauntlet | Noticed an entropy weaver
 22941 | Gauntlet | Found a transporter.
 22977 | Gauntlet | Found a transporter.
 22999 | Gauntlet | Found a transporter.
 23035 | Gauntlet | Found a transporter.
 23050 | Gauntlet | Found a transporter.
 23068 | Gauntlet | Found a transporter.
 23168 | Gauntlet | Found a transporter.
 23184 | Gauntlet | Found a transporter.
 23416 | Gauntlet | Reached XP level 14. HP: 127/127 MP: 16/16
 23807 | Gauntlet | Got a smoking cloak
 23809 | Gauntlet | Got a jewelled rapier
 23820 | Gauntlet | Identified the +2 cloak of a sewer {*Corrode rPois rN+++
                  | Dex-4} (You found it in a Gauntlet)
 24337 | D:13     | Noticed Sonja
 24350 | D:13     | Cast into level 2 of the Abyss (Sonja)
 24472 | Abyss:2  | Noticed a cyan very ugly thing
 24475 | Abyss:2  | Noticed a tentacled starspawn
 24491 | Abyss:2  | Killed a tentacled starspawn
 24495 | Abyss:2  | Demolished by a cyan very ugly thing

Skill      XL: |  1  2  3  4  5  6  7  8  9 10 11 12 13 14 |
---------------+-------------------------------------------+-----
Shields        | 4 5 6 7 9 10 11 13 | 13.4
Armour         | 4 5 6 7 9 10 11 12 | 12.6
Fighting       | 4 5 6 7 9 10 11 12 13 | 13.3
Axes           | 3 4 6 7 9 11 12 14 15 16 | 16.4
Dodging        | 1 2 3 4 5 7 |  7.6
Stealth        | 1 |  1.2
Evocations     | 1 3 4 |  4.8
Throwing       | 1 |  1.1

Action                   |  1- 3 |  4- 6 |  7- 9 | 10-12 | 13-15 || total
-------------------------+-------+-------+-------+-------+-------++-------
Melee: War axe           |    71 |   175 |   343 |   925 |   418 ||  1932
       Headbutt          |    11 |    22 |    68 |   230 |   114 ||   445
Throw: Tomahawk          |       |       |       |     6 |     9 ||    15
Invok: Potion Petition   |       |       |       |       |     2 ||     2
Evoke: Wand              |       |       |       |     2 |       ||     2
  Use: Scroll            |       |     5 |     9 |    15 |     7 ||    36
       Potion            |       |       |     1 |     7 |     7 ||    15
 Stab: Paralysed         |       |       |     1 |       |       ||     1
       Distracted        |       |       |       |     5 |       ||     5
       Invisible         |       |       |       |       |     2 ||     2
  Eat: Chunk             |     1 |     9 |     9 |     7 |       ||    26
       Ration            |       |       |     4 |     8 |     5 ||    17
Armor: Scale mail        |    33 |    14 |       |       |       ||    47
       Chain mail        |       |    89 |    49 |       |       ||   138
       Plate armour      |       |       |   146 |   370 |   118 ||   634
Dodge: Dodged            |    21 |    52 |    81 |   188 |    92 ||   434
Block: Shield            |    50 |   113 |   191 |   724 |   334 ||  1412
       Reflection        |       |       |       |    21 |    21 ||    42
